 Dungeon Crawl Stone Soup version 0.31-a0-859-g9dce7d3444 (webtiles) character file.

Game seed: 10301522104807841280

365 Dirtsage the Changeling (level 6, -11/38 HPs)
             Began as an Octopode Shapeshifter on Oct 9, 2023.
             Shot with an arrow by a centaur (14 damage)
             ... on level 5 of the Dungeon.
             The game lasted 00:07:55 (3489 turns).

Dirtsage the Changeling (Octopode Shapeshifter)     Turns: 3489, Time: 00:07:56

Health: -11/38     AC:  1    Str: 15    XL:     6   Next: 68%
Magic:  6/6        EV: 13    Int: 12    God:
Gold:   230        SH:  0    Dex: 12    Spells: 5/5 levels left

rFire   . .          .
                       - Unarmed
rCold   . . .        (no shield)
rNeg    . . .        (helmet currently unavailable)
rPois   .            (no amulet)
rElec   .            (no ring)
rCorr   .            (no ring)
SInv    .            (no ring)
Will    .....        (no ring)
Stlth   ++           (no ring)
HPRegen 0.26/turn    (no ring)
MPRegen 0.10/turn    (no ring)
                     (no ring)

%: no passive effects
@: beast-form
A: beast (slay +3), almost no armour, amphibious, 8 rings, camouflage 1,
gelatinous body 1, (nimble swimmer 1), tentacles
a: Begin Untransformation


You were on level 5 of the Dungeon.
You were a hulking beast.
You visited 1 branch of the dungeon, and saw 5 of its levels.

You collected 230 gold pieces.

Inventory:

Talismans
 b - a beast talisman (active)
 c - a flux talisman
 n - a serpent talisman
Wands
 s - a wand of roots (14)
 u - a wand of mindburst (7)
Scrolls
 d - a scroll of fog
 i - a scroll of poison
 o - 2 scrolls of amnesia
 t - a scroll of teleportation
 B - a scroll of blinking
Potions
 a - a potion of lignification
 e - a potion of enlightenment {unknown}
 h - 2 potions of mutation {unknown}
 j - a potion of magic {unknown}
 k - a potion of berserk rage {unknown}
 l - 2 potions of heal wounds
 r - a potion of degeneration {unknown}


   Skills:
 - Level 1.0 Fighting
 - Level 2.0 Dodging
 + Level 5.0 Unarmed Combat
 * Level 5.6 Shapeshifting


You had 5 spell levels left.
You didn't know any spells.
Your spell library was empty.

Dungeon Overview and Level Annotations

Branches:
Dungeon (5/15)
 Temple: D:4-7

Altars:

Shops:
D:2 [

Annotations:
D:4 3 runed translucent doors, noobster's ghost, amateur TrHW


Innate Abilities, Weirdness & Mutations

You are a hulking beast.
Your limbs bulge with bestial killing power. (Slay +3)
You cannot wear most types of armour.
You are amphibious.
You can wear up to eight rings at the same time.
Your skin changes colour to match your surroundings (Stealth+).
Your rubbery body absorbs attacks. (AC +1, EV +1)
((You are camouflaged when in or above water. (Stealth+)))
You have tentacles for arms and can constrict up to eight enemies at once.


Message History

There is a stone staircase leading up here.
You start waiting.
A sleepcap comes into view.
You start waiting.
There is a stone staircase leading up here.
What are your orders? t - Shout!
Orders for allies: a - Attack new target. r - Retreat! s - Stop attacking. g - Guard the area. f - Follow me.
Anything else - Cancel.
You shout for attention!
You hear a shout!
A centaur comes into view.
The centaur wields a +0 orcbow.
The centaur shoots an arrow.
The arrow hits you!
You take 7 damage, and have 31/38 hp.
The centaur shoots an arrow.
The arrow closely misses you.
The centaur shoots an arrow.
The arrow closely misses you.
The centaur shoots an arrow.
The arrow barely misses you.
The centaur shoots an arrow.
The arrow closely misses you.
The centaur shoots an arrow.
The arrow hits you!
You take 10 damage, and have 22/38 hp.
MASSIVE DAMAGE!!
You tentacle-slap the orc. You grab the orc.
The orc is heavily wounded.
You constrict the orc, but do no damage.
The orc hits you with a +0 flail!
You take 6 damage, and have 16/38 hp.
You tentacle-slap the orc but do no damage.
You squeeze the orc, but do no damage.
The orc is heavily wounded.
You constrict the orc.
The centaur shoots an arrow.
The arrow barely misses you. The orc barely misses you.
You tentacle-slap the orc but do no damage.
The orc is heavily wounded.
You constrict the orc, but do no damage.
The centaur shoots an arrow.
The arrow hits you. The orc hits you with a +0 flail!
* * * LOW HITPOINT WARNING * * *
The centaur shoots an arrow.
The arrow hits you!
You die...

.....>.......##
..............#.
................
................
...c............
................
................
................
......oh........
................
................
....
................
....
................
....
................
....
................
....
................
....


You could see a centaur and an orc.

Vanquished Creatures
  An ogre (D:4)
  2 jellies (D:3)
  A hound (D:4)
  An iguana (D:4)
  Robin (D:3)
  4 adders
  An ufetubus (D:4)
  5 dart slugs
  3 orcs
  5 ball pythons
  15 endoplasms
  3 giant cockroaches
  14 goblins
  10 hobgoblins
  13 kobolds
  3 quokkas
  5 bats
  2 frilled lizards
  13 rats
102 creatures vanquished.

Notes
Turn   | Place    | Note
-------+----------+-------------------------------------------
     0 | D:1      | Dirtsage the Octopode Shapeshifter began the quest for the
                  | Orb.
     0 | D:1      | Reached XP level 1. HP: 13/13 MP: 1/1
   138 | D:1      | Reached XP level 2. HP: 18/18 MP: 2/2
   479 | D:1      | Reached XP level 3. HP: 13/21 MP: 3/3
   854 | D:2      | Noticed an animated gold dragon scales
   856 | D:2      | Found Tupniyne's Armour Shop.
   858 | D:2      | Noticed an animated crystal plate armour
  1099 | D:2      | Reached XP level 4. HP: 20/28 MP: 4/4
  1439 | D:3      | Noticed Robin
  1944 | D:3      | Killed Robin
  1984 | D:3      | Reached XP level 5. HP: 18/33 MP: 5/5
  2685 | D:4      | Noticed an ogre
  2690 | D:4      | Killed an ogre
  2691 | D:4      | Reached skill level 5 in Shapeshifting
  2691 | D:4      | Reached XP level 6. HP: 21/38 MP: 6/6
  2815 | D:4      | Found a runed translucent gate.
  2815 | D:4      | Found a runed translucent gate.
  2817 | D:4      | Found a runed translucent gate.
  2817 | D:4      | Noticed noobster's ghost (amateur TrHW)
  3249 | D:5      | Entered Level 5 of the Dungeon
  3249 | D:5      | Noticed an acid dragon
  3257 | D:5      | Reached skill level 5 in Unarmed Combat
  3258 | D:5      | Noticed an ice beast
  3489 | D:5      | Shot with an arrow by a centaur

Illustrated notes

Levels and vault maps discovered:
D:1:      eino_arrival_water_cross, layout_basic
D:2:      wad_crossroads, layout_rooms, serial_shops, nicolae_shop_mannequins,
          minmay_rat_gold_closets
D:3:      cheibrodos_fertilizer, layout_basic, uniq_robin
D:4:      layout_cave_pools, gammafunk_ghost_nasty_kobolds,
          chequers_serial_rivers_room_a, chequers_serial_rivers_micro_c
D:5:      layout_layer_cave

Skill      XL: |  1  2  3  4  5  6 |
---------------+-------------------+-----
Shapeshifting  | 4 5 |  5.6
Unarmed Combat | 4 5 |  5.0
Fighting       | |  1.0
Dodging        | |  2.0

Action                     |  1- 3 |  4- 6 || total
---------------------------+-------+-------++-------
  Melee: Unarmed           |    81 |   115 ||   196
         Constrict         |    18 |    28 ||    46
         Tentacles         |    14 |    26 ||    40
         Punch             |     1 |     2 ||     3
    Use: Potion            |       |     4 ||     4
         Scroll            |       |    10 ||    10
   Stab: Sleeping          |    16 |     3 ||    19
 Armour: Skin              |    18 |    64 ||    82
  Dodge: Dodged            |    41 |    71 ||   112

Table legend: (Time is in decaauts)
 A = Elapsed time spent in this place.
 B = Non-inter-level travel time spent in this place.
 C = Inter-level travel time spent in this place.
 D = Time resting spent in this place.
 E = Time spent auto-exploring this place.
 F = Levels seen in this place.
 G = Mean time per level.
                   A        B        C        D        E       F      G
               +--------+--------+--------+--------+--------+-----+--------+
         Total |   3472 |   3267 |    205 |    224 |   2460 |   5 |  694.4 |
       Dungeon |   3472 |   3267 |    205 |    224 |   2460 |   5 |  694.4 |
               +--------+--------+--------+--------+--------+-----+--------+

Top non-repeatable levels by time:
     D:3: 1049 daAuts
     D:4: 868 daAuts
     D:2: 757 daAuts
     D:1: 754 daAuts
     D:5: 42 daAuts
